[Event "Titled Tuesday Blitz November 22 Early 2022"]
[White "Paravyan, David"]
[Black "Xiong, Jeffery"]
[WhiteFideId "4194985"]
[BlackFideId "2047640"]
[WhiteElo "2546"]
[BlackElo "2725"]
[Result "0-1"]
[Round "11"]
[TimeControl "180+1"]
[Date "2022.11.22"]
[WhiteClock "0:01:23"]
[BlackClock "0:00:24"]

1. e4 e5 2. Nf3 Nf6 3. Nc3 Nc6 4. d4 exd4 5. Nxd4 Bb4 6. Nxc6 bxc6 7. Bd3 d5 8. exd5 O-O 9. O-O Bg4 10. f3 Bh5 11. Bg5 cxd5 12. Bxf6 Qxf6 13. Nxd5 Qxb2 14. Rb1 Bc5+ 15. Kh1 Qa3 16. Rb3 Qa4 17. Rb5 Qa3 18. Qd2 c6 19. Ra5 cxd5 20. Rxa3 Bxa3 21. Qa5 Be7 22. Qxd5 Bg6 23. Re1 Bb4 24. Rb1 Rab8 25. g3 Rb6 26. Kg2 Rfb8 27. Rb3 Bxd3 28. cxd3 Bf8 29. Rxb6 Rxb6 30. h4 a6 31. a4 g6 32. h5 Rd6 33. Qa5 gxh5 34. Qxh5 Rd4 35. Qg4+ Rxg4 36. fxg4 Kg7 37. Kf3 Kg6 38. d4 Kg5 39. d5 0-1


[Site "https://www.chess.com"]

[Event "Titled Tuesday Blitz November 22 Early 2022"]
[White "Petrova, Irina"]
[Black "Al-Tarboush, Ward"]
[WhiteFideId "14124122"]
[BlackFideId "7601450"]
[WhiteElo "2023"]
[BlackElo "2273"]
[Result "0-1"]
[Round "11"]
[TimeControl "180+1"]
[Date "2022.11.23"]
[WhiteClock "0:00:35"]
[BlackClock "0:01:40"]

1. e4 c5 2. Nf3 Nc6 3. Bb5 e6 4. Bxc6 bxc6 5. O-O f6 6. e5 Qc7 7. Re1 fxe5 8. Nxe5 Nf6 9. b3 Bd6 10. Bb2 O-O 11. d3 a5 12. Nd2 a4 13. Ndc4 Be7 14. Ng4 d6 15. Nxf6+ Bxf6 16. Bxf6 Rxf6 17. Qh5 e5 18. Re3 Be6 19. Rae1 Raf8 20. R3e2 axb3 21. axb3 Rh6 22. Qg5 Rg6 23. Qh4 Rg4 24. Qh5 h6 25. h3 Rg5 26. Qh4 Rf4 27. g4 Bxg4 28. hxg4 Rfxg4+ 29. Qxg4 Rxg4+ 30. Kf1 Qd7 31. Re3 Rf4 32. R1e2 Qe7 33. Rg3 Qh4 34. Nxd6 Qxg3 0-1


[Site "https://www.chess.com"]

[Event "Titled Tuesday Blitz November 22 Early 2022"]
[White "Pinheiro, Iung Alicio de O."]
[Black "Spalir, Monika"]
[WhiteFideId "2104350"]
[BlackFideId "14609118"]
[WhiteElo "2283"]
[BlackElo "2032"]
[Result "0-1"]
[Round "11"]
[TimeControl "180+1"]
[Date "2022.11.23"]
[WhiteClock "0:00:15"]
[BlackClock "0:00:07"]

1. d4 Nf6 2. c4 e6 3. g3 d5 4. Bg2 dxc4 5. Qa4+ Nbd7 6. Qxc4 a6 7. Qc2 Rb8 8. Nf3 b5 9. Ne5 Nxe5 10. dxe5 Nd5 11. O-O c5 12. Nd2 Be7 13. Ne4 Qb6 14. Bg5 Bxg5 15. Nxg5 c4 16. b3 cxb3 17. axb3 h6 18. Ne4 O-O 19. Nd6 Bd7 20. Rfd1 f6 21. Rxd5 exd5 22. Bxd5+ Kh8 23. Qg6 Qd4 24. Be4 Qxa1+ 25. Kg2 f5 26. Nxf5 Bxf5 27. Bxf5 Rxf5 28. Qxf5 Re8 29. f4 Qd4 30. Qf7 Qd8 31. h4 Qe7 32. Qf5 Rd8 33. h5 Rf8 34. Qe4 Qe6 35. Kf3 Qf7 36. g4 Qxb3+ 37. e3 Qe6 38. f5 Qe7 39. e6 a5 40. Qc6 Rb8 41. e4 b4 42. e5 b3 43. Qd6 Qxd6 44. exd6 b2 45. d7 b1=Q 46. e7 Qb3+ 47. Kg2 Qc2+ 48. Kg3 Qd3+ 49. Kh4 Qxd7 50. e8=Q+ Qxe8 51. f6 gxf6 52. g5 fxg5+ 53. Kg4 Qe4+ 54. Kg3 Rb3+ 55. Kf2 Qc2+ 56. Kg1 Rb1# 0-1


[Site "https://www.chess.com"]

[Event "Titled Tuesday Blitz November 22 Early 2022"]
[White "Pranav Anand"]
[Black "Ibarra Jerez, Jose Carlos"]
[WhiteFideId "46626786"]
[BlackFideId "2226332"]
[WhiteElo "2402"]
[BlackElo "2638"]
[Result "0-1"]
[Round "11"]
[TimeControl "180+1"]
[Date "2022.11.22"]
[WhiteClock "0:00:06"]
[BlackClock "0:00:04"]

1. e4 c5 2. Nf3 Nc6 3. Bb5 e6 4. O-O Nge7 5. d4 cxd4 6. Nxd4 Ng6 7. Be2 Be7 8. c4 O-O 9. Nc3 b6 10. Nxc6 dxc6 11. Qc2 e5 12. Be3 Bg5 13. Rad1 Qe7 14. Qc1 h6 15. c5 b5 16. a4 b4 17. Nb1 Nf4 18. Bc4 Be6 19. Nd2 Bg4 20. Rde1 Rfd8 21. Qc2 Ne6 22. h3 Bh5 23. Bxe6 Qxe6 24. Nc4 Be7 25. f3 f6 26. Rd1 b3 27. Qc3 Bf7 28. Na5 Rab8 29. Kh2 h5 30. Rd3 Rxd3 31. Qxd3 Bd8 32. Qa6 Bxa5 33. Qxa7 Rb4 34. Qxa5 Qc4 35. Qd8+ Kh7 36. Rf2 Rxa4 37. Qd7 Ra1 38. h4 Re1 39. Qd2 Rb1 40. Kg3 Be6 41. Qd6 Bf7 42. Qxc6 Qd3 43. Bd2 Qd4 44. Qd6 Rxb2 45. Qxd4 exd4 46. Bc1 Ra2 47. Bb2 d3 48. c6 Be6 49. Rd2 Kg8 50. Kf2 Ra6 51. Rxd3 Rxc6 52. Rc3 Ra6 53. Rd3 Kf7 54. Rd2 Rc6 55. Ke3 Ra6 56. Kf4 Ra4 57. Ke3 g6 58. Kf2 g5 59. hxg5 fxg5 60. Kg3 h4+ 61. Kf2 g4 62. fxg4 Rxe4 63. g5 Rf4+ 64. Ke3 Rg4 65. Rf2+ Ke8 66. Bf6 Rg3+ 67. Kf4 Kf7 68. Ke5 Re3+ 69. Kf4 Rd3 70. Bb2 Kg6 71. Bf6 Bf5 72. Ke5 Re3+ 73. Kd4 Re4+ 74. Kc5 Be6 75. Kd6 Bf7 76. Bb2 Bc4 77. Bf6 Rg4 78. Kc5 Bf7 79. Bb2 Rxg5+ 80. Kd6 Bc4 81. Ke7 Kh5 82. Kf6 Rg6+ 83. Kf5 Rc6 84. Bf6 Bd3+ 85. Ke5 Rc4 86. Ke6 Re4+ 87. Be5 Rc4 88. Kf6 Rc8 89. Bd6 Re8 90. Be5 Rf8+ 0-1


[Site "https://www.chess.com"]

[Event "Titled Tuesday Blitz November 22 Early 2022"]
[White "Pultinevicius, Paulius"]
[Black "Harsh Suresh"]
[WhiteFideId "12809390"]
[BlackFideId "45018464"]
[WhiteElo "2493"]
[BlackElo "2227"]
[Result "0-1"]
[Round "11"]
[TimeControl "180+1"]
[Date "2022.11.22"]
[WhiteClock "0:01:29"]
[BlackClock "0:00:13"]

1. d4 Nf6 2. c4 c5 3. d5 b5 4. cxb5 a6 5. bxa6 Bxa6 6. Nf3 g6 7. g3 d6 8. Bg2 Bg7 9. O-O O-O 10. Nc3 Nbd7 11. Qc2 Qa5 12. Bd2 Rfb8 13. h3 Nb6 14. b3 c4 15. Nd4 Bb7 16. Nc6 Bxc6 17. dxc6 cxb3 18. Qxb3 Nc8 19. Qc2 Ra7 20. Nd5 Qc5 21. Qxc5 dxc5 22. c7 Rb2 23. Rab1 Nxd5 24. Rxb2 Bxb2 25. Bxd5 Rxc7 26. Rb1 Be5 27. Rb8 Kg7 28. f4 Bd4+ 29. e3 Bf6 30. a4 c4 31. e4 c3 32. Bc1 Bd4+ 33. Kf1 e6 34. Bb3 Nd6 35. Ke2 Nxe4 36. Kd3 Ba7 37. Rb5 Nxg3 38. a5 Nf5 39. a6 Nd4 40. Rb7 Rxb7 41. axb7 Nxb3 42. Be3 Bb8 43. Bb6 Nc1+ 44. Kxc3 Ne2+ 45. Kc4 Nxf4 46. Kb5 Nd5 47. Ba5 Kf6 48. Kc6 Ke7 49. Bb4+ Nxb4+ 50. Kb5 Nd5 51. Kc6 Kd8 52. Kc5 Kc7 53. Kd4 Kxb7 54. Ke4 Kc6 55. h4 f5+ 56. Kf3 e5 57. h5 e4+ 58. Kg2 gxh5 59. Kh3 Bd6 60. Kh4 Be7+ 61. Kh3 Bf6 62. Kg3 Bg5 63. Kh3 Kd6 64. Kg3 Ke5 65. Kh3 Kf4 66. Kh2 Kf3 67. Kg1 e3 68. Kf1 e2+ 69. Kg1 e1=Q+ 0-1


[Site "https://www.chess.com"]

[Event "Titled Tuesday Blitz November 22 Early 2022"]
[White "Reprintsev, Alexander"]
[Black "Osmak, Yuliia"]
[WhiteFideId "14100541"]
[BlackFideId "14101602"]
[WhiteElo "2230"]
[BlackElo "2328"]
[Result "1-0"]
[Round "11"]
[TimeControl "180+1"]
[Date "2022.11.23"]
[WhiteClock "0:00:05"]
[BlackClock "0:00:01"]

1. e4 c5 2. b3 g6 3. Bb2 Nf6 4. e5 Nd5 5. Nc3 Nxc3 6. dxc3 Bg7 7. Qd5 Nc6 8. Qxc5 Bxe5 9. Nf3 d6 10. Qe3 Bg7 11. O-O-O O-O 12. Be2 a5 13. a4 Bd7 14. h3 Na7 15. c4 Nc6 16. Bxg7 Kxg7 17. Rhe1 Nb4 18. Kb2 Bc6 19. c3 Na6 20. Nd4 Nc5 21. Bf3 Qb6 22. Nb5 Bxb5 23. cxb5 e5 24. Bd5 Rac8 25. f4 Rfe8 26. g4 exf4 27. Qd4+ f6 28. Rxe8 Rxe8 29. Qxf4 Re2+ 30. Ka3 Nd7 31. Qd4 Qc7 32. Bc4 Ne5 33. Bxe2 d5 34. g5 Qd6+ 35. b4 fxg5 36. Qxd5 axb4+ 37. cxb4 Qf6 38. Rf1 Qe7 39. a5 Kh6 40. Bc4 Nd7 41. Bb3 Nf6 42. Rxf6 Qxf6 43. Qd1 Qc3 44. a6 bxa6 45. bxa6 Qc6 46. Qe2 Qf6 47. Ka4 Qc6+ 48. b5 Qb6 49. Qc4 Qg1 50. Bc2 Qa1+ 51. Kb4 Qb2+ 52. Kc5 Qe5+ 53. Kb6 Qd6+ 54. Qc6 Qd4+ 55. Kb7 Qg7+ 56. Qc7 Qd4 57. b6 Qd5+ 58. Ka7 Qd4 59. Ka8 Qd5+ 60. b7 g4 61. a7 gxh3 62. Qc8 h2 63. Qh3+ Kg7 64. Qxh2 h5 65. Qb8 h4 66. Qc8 Kh6 67. Bb3 1-0


[Site "https://www.chess.com"]

[Event "Titled Tuesday Blitz November 22 Early 2022"]
[White "Rosenberg, Evan S"]
[Black "Derjabin, Ilja"]
[WhiteFideId "2019299"]
[BlackFideId "14104768"]
[WhiteElo "2384"]
[BlackElo "2312"]
[Result "0-1"]
[Round "11"]
[TimeControl "180+1"]
[Date "2022.11.23"]
[WhiteClock "0:00:08"]
[BlackClock "0:00:10"]

1. d4 c5 2. d5 Nf6 3. Nc3 e6 4. e4 exd5 5. e5 Ne4 6. Nxe4 dxe4 7. Qd5 Be7 8. Qxe4 Nc6 9. c3 d5 10. exd6 Qxd6 11. Be3 f5 12. Qc2 f4 13. Bd2 O-O 14. Bd3 Qe5+ 15. Ne2 f3 16. gxf3 Bf5 17. O-O-O Bxd3 18. Qxd3 Rad8 19. Qc4+ Kh8 20. Ng3 Rxf3 21. Rhe1 Qd5 22. Qxd5 Rxd5 23. Be3 Rxd1+ 24. Rxd1 h6 25. Rd7 b6 26. Rc7 Rf6 27. Nh5 Rd6 28. Nf4 Kh7 29. c4 Bg5 30. Nd5 Bxe3+ 31. fxe3 Ne5 32. b3 a6 33. Rb7 b5 34. e4 bxc4 35. bxc4 Nxc4 36. Nc3 Ne5 37. Nd5 Nf3 38. h3 h5 39. a4 h4 40. a5 Ng5 41. Rb6 Nxe4 42. Rxd6 Nxd6 43. Nc7 Nb7 44. Nxa6 Nxa5 45. Nxc5 Kg6 46. Ne6 Nc4 47. Kc2 Ne5 48. Kd2 Nf3+ 49. Ke3 Ng5 50. Nf4+ Kf5 51. Nh5 g6 52. Ng7+ Kf6 53. Ne8+ Ke7 54. Ng7 Nxh3 55. Kf3 Kf7 56. Kg4 Kxg7 57. Kxh3 g5 58. Kg4 Kg6 59. Kh3 Kh5 60. Kh2 g4 61. Kg2 Kg5 62. Kh2 Kf4 63. Kg2 g3 64. Kh1 Kf3 65. Kg1 g2 66. Kh2 Kf2 67. Kh3 g1=Q 68. Kxh4 Qg6 69. Kh3 Qg3# 0-1


[Site "https://www.chess.com"]

[Event "Titled Tuesday Blitz November 22 Early 2022"]
[White "Samunenkov, Ihor"]
[Black "Sharifov, Mekhriddin"]
[WhiteFideId "14187086"]
[BlackFideId "14701545"]
[WhiteElo "2441"]
[BlackElo "2109"]
[Result "0-1"]
[Round "11"]
[TimeControl "180+1"]
[Date "2022.11.23"]
[WhiteClock "0:00:01"]
[BlackClock "0:00:19"]

1. e4 c5 2. Nf3 d6 3. d4 cxd4 4. Nxd4 Nf6 5. Nc3 a6 6. h3 e5 7. Nde2 h5 8. g3 Be7 9. Bg2 b5 10. a4 b4 11. Nd5 Nxd5 12. Qxd5 Ra7 13. Be3 Be6 14. Qd2 Rb7 15. a5 Nd7 16. b3 O-O 17. O-O Qc8 18. Kh2 Nc5 19. f4 Bd7 20. f5 Bc6 21. Bxc5 dxc5 22. Qe3 Bb5 23. Bf3 h4 24. g4 c4 25. g5 Bc5 26. Qc1 Rd8 27. f6 g6 28. Qe1 Rbd7 29. Bg4 Qc6 30. Bxd7 Rxd7 31. Rd1 Qxe4 32. Rxd7 Bxd7 33. Ng1 Qxc2+ 34. Ne2 cxb3 35. Qd1 Bb5 36. Qd8+ Bf8 37. Re1 Bxe2 38. Kg1 b2 0-1


[Site "https://www.chess.com"]

[Event "Titled Tuesday Blitz November 22 Early 2022"]
[White "Sargissyan, Sargis"]
[Black "Przybylski, Wojciech"]
[WhiteFideId "13303210"]
[BlackFideId "1117599"]
[WhiteElo "2109"]
[BlackElo "2221"]
[Result "0-1"]
[Round "11"]
[TimeControl "180+1"]
[Date "2022.11.23"]
[WhiteClock "0:00:16"]
[BlackClock "0:01:40"]

1. e4 e5 2. Nf3 Nc6 3. Bb5 Nf6 4. d3 Bd6 5. Nc3 O-O 6. Ne2 Ne7 7. h3 Ng6 8. g4 c6 9. Ba4 a5 10. Bb3 a4 11. Bc4 b5 12. Bxf7+ Rxf7 13. Ng5 Rf8 14. Ng3 Ne7 15. Nf5 Nxf5 16. gxf5 h6 17. Nf3 Qe7 18. Nh4 Qf7 19. Ng6 Re8 20. Rg1 Kh7 21. Be3 Bf8 22. Qf3 d5 23. Kf1 dxe4 24. dxe4 Qc4+ 25. Ke1 Qxe4 26. Qg3 Ra7 27. Ke2 Bxf5 28. Nxf8+ Rxf8 29. Kf1 Raf7 0-1


[Site "https://www.chess.com"]

[Event "Titled Tuesday Blitz November 22 Early 2022"]
[White "Sariego Figueredo, Wilfredo"]
[Black "Castillo Pena, Patricia Evarista"]
[WhiteFideId "3500080"]
[BlackFideId "6412106"]
[WhiteElo "2309"]
[BlackElo "1919"]
[Result "1-0"]
[Round "11"]
[TimeControl "180+1"]
[Date "2022.11.23"]
[WhiteClock "0:02:34"]
[BlackClock "0:01:49"]

1. d4 d5 2. Bf4 Nf6 3. e3 c5 4. c3 Nc6 5. Nf3 Qb6 6. Qb3 c4 7. Qxb6 axb6 8. Na3 Nh5 9. Bc7 Ra6 10. Nb5 Bg4 11. Be2 Nf6 12. Ne5 Bxe2 13. Kxe2 Nxe5 14. Bxe5 Ne4 15. Nc7+ Kd7 16. Nxa6 bxa6 17. f3 Nd6 18. Bxd6 Kxd6 19. b3 b5 20. bxc4 dxc4 21. a4 1-0


[Site "https://www.chess.com"]

[Event "Titled Tuesday Blitz November 22 Early 2022"]
[White "Seletsky, Grigory"]
[Black "Simonovic, Miroslav"]
[WhiteFideId "14112191"]
[BlackFideId "919152"]
[WhiteElo "2492"]
[BlackElo "2043"]
[Result "1-0"]
[Round "11"]
[TimeControl "180+1"]
[Date "2022.11.23"]
[WhiteClock "0:00:06"]
[BlackClock "0:00:01"]

1. e4 c5 2. Nc3 Nc6 3. d3 e5 4. f4 exf4 5. Bxf4 a6 6. Nd5 d6 7. Nf3 Be6 8. c4 g6 9. Be2 Bg7 10. Qd2 h6 11. O-O Nge7 12. h4 Ne5 13. Rab1 N7c6 14. Nxe5 dxe5 15. Bg3 Nd4 16. b4 b6 17. bxc5 bxc5 18. h5 g5 19. Rb7 O-O 20. a4 Rb8 21. Rfb1 Rxb7 22. Rxb7 Nxe2+ 23. Qxe2 Qa5 24. Ne7+ Kh8 25. Nf5 Bxf5 26. exf5 Qxa4 27. Bxe5 Re8 28. f6 Bxf6 29. Bxf6+ Kg8 30. Qxe8+ Qxe8 31. Kf2 a5 32. Ra7 Qc8 33. g4 a4 34. Rxa4 1-0


[Site "https://www.chess.com"]

[Event "Titled Tuesday Blitz November 22 Early 2022"]
[White "Shapiro, Daniel"]
[Black "Goriatchkin, Jouri"]
[WhiteFideId "2001780"]
[BlackFideId "4120183"]
[WhiteElo "2305"]
[BlackElo "1923"]
[Result "1-0"]
[Round "11"]
[TimeControl "180+1"]
[Date "2022.11.23"]
[WhiteClock "0:00:33"]
[BlackClock "0:00:01"]

1. d4 d5 2. c4 dxc4 3. e4 Nf6 4. e5 Nd5 5. Bxc4 Nb6 6. Bd3 Nc6 7. Ne2 Bg4 8. Be3 e6 9. a3 Ne7 10. Nbc3 c6 11. f3 Bh5 12. Ng3 Bg6 13. O-O Bxd3 14. Qxd3 Ned5 15. Bf2 Be7 16. Nge4 O-O 17. Rad1 Qc7 18. g3 Rfd8 19. f4 Nxc3 20. bxc3 Bxa3 21. Ng5 g6 22. g4 c5 23. Qh3 f5 24. Nxe6 Qf7 25. Nxd8 Rxd8 26. gxf5 cxd4 27. cxd4 gxf5 28. Bh4 Be7 29. Bxe7 Qxe7 30. Qxf5 Nd5 31. Rd3 Kh8 32. Rg3 Rf8 33. Qg4 b5 34. Rf2 Qf7 35. f5 b4 36. f6 Re8 37. Rfg2 a5 38. e6 1-0


[Site "https://www.chess.com"]

[Event "Titled Tuesday Blitz November 22 Early 2022"]
[White "Skibbe, Willi"]
[Black "Winkels, Marcel"]
[WhiteFideId "4682190"]
[BlackFideId "1003887"]
[WhiteElo "2357"]
[BlackElo "1900"]
[Result "1-0"]
[Round "11"]
[TimeControl "180+1"]
[Date "2022.11.23"]
[WhiteClock "0:00:58"]
[BlackClock "0:00:54"]

1. f4 c5 2. Nf3 Nc6 3. g3 d5 4. Bg2 Nf6 5. O-O g6 6. d3 Bg7 7. c3 O-O 8. Na3 Bg4 9. Ne5 Nxe5 10. fxe5 Ne8 11. d4 c4 12. h3 Bf5 13. g4 Be6 14. e4 Nc7 15. Bg5 Re8 16. Qd2 b5 17. Nc2 dxe4 18. Bxe4 Bd5 19. Bxd5 Qxd5 20. a3 Ne6 21. Be3 a5 22. Qg2 Red8 23. Qxd5 Rxd5 24. Kg2 Rad8 25. a4 Rb8 26. Rfb1 b4 27. Bd2 bxc3 28. bxc3 Rb3 29. Ne3 Rd8 30. Nxc4 Rxb1 31. Rxb1 Nxd4 32. cxd4 Rxd4 33. Rb8+ Bf8 34. Bh6 1-0


[Site "https://www.chess.com"]

[Event "Titled Tuesday Blitz November 22 Early 2022"]
[White "Stefanova, Antoaneta"]
[Black "Van Osch, Mees"]
[WhiteFideId "2902257"]
[BlackFideId "1035967"]
[WhiteElo "2426"]
[BlackElo "2324"]
[Result "1-0"]
[Round "11"]
[TimeControl "180+1"]
[Date "2022.11.23"]
[WhiteClock "0:01:06"]
[BlackClock "0:00:02"]

1. e4 c5 2. b3 e6 3. Bb2 Nc6 4. f4 d5 5. exd5 exd5 6. Nf3 Nf6 7. Bb5 Bd6 8. Ne5 O-O 9. O-O Bd7 10. Nxd7 Nxd7 11. Bxc6 bxc6 12. d3 Re8 13. Nd2 Nf6 14. Qf3 Qd7 15. Bxf6 gxf6 16. Qh5 Bf8 17. Nf3 Kh8 18. Nh4 Qe6 19. Rf3 Qe2 20. Nf5 1-0


[Site "https://www.chess.com"]

[Event "Titled Tuesday Blitz November 22 Early 2022"]
[White "Storey, Charles H"]
[Black "Orlov, Georgi"]
[WhiteFideId "406686"]
[BlackFideId "2011271"]
[WhiteElo "2252"]
[BlackElo "2540"]
[Result "1/2-1/2"]
[Round "11"]
[TimeControl "180+1"]
[Date "2022.11.23"]
[WhiteClock "0:00:14"]
[BlackClock "0:00:05"]

1. c4 e5 2. g3 Nc6 3. Bg2 f5 4. d3 Nf6 5. Nc3 Bb4 6. Bd2 O-O 7. a3 Bxc3 8. Bxc3 d6 9. e3 f4 10. exf4 exf4 11. Ne2 fxg3 12. hxg3 Ng4 13. Nf4 Qe8+ 14. Kf1 Bf5 15. Bd5+ Kh8 16. Rh4 Nge5 17. Qd2 g5 18. Rh2 gxf4 19. gxf4 Qg6 20. Rd1 Rae8 21. Bxc6 bxc6 22. fxe5 dxe5 23. Qh6 Qf7 24. Ke2 Bg6 25. Qe3 Kg8 26. Rg1 e4 27. d4 Qxc4+ 28. Kd2 Qd3+ 29. Qxd3 exd3 30. d5 Re2+ 31. Kd1 cxd5 32. Rh3 Rfxf2 33. Rxd3 c6 34. Rf3 Rxf3 35. Kxe2 Rh3 36. Rg2 Kf7 37. Bd4 a5 38. Bb6 Bd3+ 39. Kd2 a4 40. Bd4 Bg6 41. Rf2+ Ke7 42. Bc5+ Ke6 43. Re2+ Be4 44. Re3 Rh2+ 45. Kc3 Rc2+ 46. Kb4 Rxb2+ 47. Kxa4 Kf5 48. Rh3 Bc2+ 49. Ka5 Rb5+ 50. Ka6 Rxc5 51. Kb6 Ke4 52. Kxc5 Kf4 53. a4 Bxa4 54. Rxh7 Bb5 55. Rh4+ Ke5 56. Rg4 Kf5 57. Rh4 Ke5 58. Rb4 Ke6 59. Rb1 Ke5 60. Re1+ Kf4 61. Kd4 Kf3 62. Re8 Kf2 63. Rf8+ Kg3 64. Ke5 Kg4 65. Rg8+ Kf3 66. Kd4 Ke2 67. Ra8 Kf3 68. Ra3+ Kf4 69. Rh3 Kg4 70. Rh7 Kf4 71. Rf7+ Kg5 72. Ke5 Kg4 73. Rf4+ Kg3 74. Rb4 Kf3 75. Kd4 Ke2 76. Rb2+ Kf3 77. Rb3+ Ke2 78. Rb2+ Kf3 79. Rb4 Kf4 80. Kc5+ Ke5 81. Rh4 Kf5 82. Rh5+ Ke4 83. Rh8 Kd3 84. Re8 Kc3 85. Rd8 Kd3 86. Rh8 Kc3 87. Rh3+ Kd2 88. Kd4 Ke2 89. Rh2+ Kf3 90. Rb2 Kf4 91. Kc5 Ke5 92. Rh2 Ke4 93. Rh8 Ke3 94. Re8+ Kd3 95. Re7 Kd2 96. Kd4 Kc2 97. Rh7 Kb3 98. Rh2 Kb4 99. Rb2+ Ka3 100. Rb1 Ka2 101. Rc1 Kb2 102. Rh1 Kb3 103. Rh3+ Kb4 104. Rh4 1/2-1/2


[Site "https://www.chess.com"]

[Event "Titled Tuesday Blitz November 22 Early 2022"]
[White "Stribuk, Artiom"]
[Black "Piesik, Piotr"]
[WhiteFideId "13515659"]
[BlackFideId "1136194"]
[WhiteElo "2371"]
[BlackElo "2316"]
[Result "1-0"]
[Round "11"]
[TimeControl "180+1"]
[Date "2022.11.22"]
[WhiteClock "0:00:04"]
[BlackClock "0:00:01"]

1. d4 c5 2. d5 e5 3. e4 d6 4. Bb5+ Nd7 5. a4 Be7 6. c3 Bg5 7. Nd2 Bxd2+ 8. Bxd2 Nf6 9. Bd3 c4 10. Bc2 O-O 11. Ne2 Nc5 12. Ng3 b6 13. O-O Ba6 14. f4 exf4 15. Bxf4 Ne8 16. e5 dxe5 17. Bxe5 Nd3 18. Bxd3 cxd3 19. Nf5 f6 20. Bd4 Nd6 21. Qg4 Nxf5 22. Qxf5 Re8 23. b3 d2 24. c4 Re2 25. Qd3 Qe7 26. Rad1 Re8 27. Rxd2 Re1 28. h3 Bc8 29. Rf2 h5 30. Qg3 Rxf1+ 31. Rxf1 Kh8 32. Qg6 Qe4 33. Qxh5+ Kg8 34. Kh2 Bd7 35. Ba1 a6 36. Rf3 Rf8 37. Rg3 Bf5 38. Qh6 Rf7 39. Bxf6 Kf8 40. Rxg7 Rxg7 41. Qxg7+ Ke8 42. Qg3 Kd7 43. Bg5 b5 44. axb5 axb5 45. Qc3 bxc4 46. bxc4 Bg6 47. Qg7+ Kd6 48. Qf6+ Kc5 49. d6 Bf5 50. Qe7 Be6 51. d7+ Kxc4 52. d8=Q Qe5+ 53. Kg1 Qe1+ 54. Kh2 Qe5+ 55. Bf4 Qxf4+ 56. Kg1 Qe3+ 57. Kf1 Qc1+ 58. Ke2 Qc2+ 59. Ke3 1-0


[Site "https://www.chess.com"]

[Event "Titled Tuesday Blitz November 22 Early 2022"]
[White "Tanenbaum, Zachary"]
[Black "Shimanov, Aleksandr"]
[WhiteFideId "2060850"]
[BlackFideId "4198603"]
[WhiteElo "2175"]
[BlackElo "2605"]
[Result "0-1"]
[Round "11"]
[TimeControl "180+1"]
[Date "2022.11.22"]
[WhiteClock "0:00:41"]
[BlackClock "0:00:46"]

1. e4 e6 2. d4 d5 3. Nc3 Nf6 4. Bg5 dxe4 5. Nxe4 Be7 6. Bxf6 gxf6 7. Nf3 Nd7 8. Qe2 c6 9. O-O-O Qa5 10. Kb1 f5 11. Nc3 b6 12. g3 Bb7 13. Bg2 O-O-O 14. Rhe1 Bb4 15. Qe3 c5 16. a3 Bxc3 17. Qxc3 Qxc3 18. bxc3 Nf6 19. Nh4 Bxg2 20. Nxg2 Ne4 21. Kb2 Nxf2 22. Rd2 Ne4 23. Rd3 Rd7 24. Nh4 Rhd8 25. Nf3 Rc7 26. Ne5 Rd5 27. Re2 c4 28. Rde3 b5 29. g4 Nd6 30. g5 Ne4 31. h4 a5 32. Ng4 b4 33. axb4 axb4 34. cxb4 c3+ 35. Kb1 Rxd4 36. Nf2 Rxb4+ 37. Kc1 Ra7 0-1


[Site "https://www.chess.com"]

[Event "Titled Tuesday Blitz November 22 Early 2022"]
[White "Timofeev, Artyom"]
[Black "Goryachkina, Aleksandra"]
[WhiteFideId "4140419"]
[BlackFideId "4147103"]
[WhiteElo "2586"]
[BlackElo "2484"]
[Result "1-0"]
[Round "11"]
[TimeControl "180+1"]
[Date "2022.11.22"]
[WhiteClock "0:00:33"]
[BlackClock "0:00:02"]

1. d4 Nf6 2. Bf4 d5 3. Nc3 c5 4. e3 cxd4 5. exd4 a6 6. Nf3 Nc6 7. Ne5 e6 8. Nxc6 bxc6 9. Na4 Bd6 10. Bxd6 Qxd6 11. Be2 O-O 12. O-O e5 13. dxe5 Qxe5 14. Re1 Qf4 15. Nc5 Bg4 16. g3 Bxe2 17. gxf4 Bxd1 18. Raxd1 a5 19. Kg2 Rfe8 20. Kf3 Kf8 21. Re5 a4 22. Rd3 Reb8 23. b3 axb3 24. axb3 Rb5 25. Na4 Nd7 26. Ree3 Nb6 27. Nc3 Rc5 28. Rd2 Re8 29. Ne2 Rxe3+ 30. fxe3 Nd7 31. Nd4 Nf6 32. Rd1 Ne4 33. Ra1 Rc3 34. Ra8+ Ke7 35. Ra7+ Kf6 36. Ra6 g5 37. Rxc6+ Rxc6 38. Nxc6 gxf4 39. Kxf4 Ke6 40. Nd4+ Kd6 41. b4 Nc3 42. h4 Nd1 43. h5 Nc3 44. h6 Nd1 45. Nf3 Nc3 46. Ng5 f6 47. Nxh7 Ke7 48. Kf5 Ne4 49. Nxf6 Nxf6 50. b5 Kf7 51. b6 Nd7 52. b7 Nb8 53. Ke5 1-0


[Site "https://www.chess.com"]

[Event "Titled Tuesday Blitz November 22 Early 2022"]
[White "Tologon tegin, Semetei"]
[Black "Baskakov, Egor"]
[WhiteFideId "13800574"]
[BlackFideId "24197866"]
[WhiteElo "2282"]
[BlackElo "2211"]
[Result "0-1"]
[Round "11"]
[TimeControl "180+1"]
[Date "2022.11.23"]
[WhiteClock "0:00:18"]
[BlackClock "0:00:30"]

1. e4 c5 2. Nf3 Nf6 3. d4 Nxe4 4. Bd3 d5 5. c4 cxd4 6. O-O Nc6 7. Re1 Nc5 8. cxd5 Nxd3 9. Qxd3 Qxd5 10. Nc3 Qf5 11. Ne4 e5 12. Qb5 a6 13. Qa4 Bd7 14. Qb3 Rb8 15. Ng3 Qe6 16. Nxe5 Nxe5 17. Qxe6+ Bxe6 18. Rxe5 Be7 19. Bf4 Rd8 20. Rd1 O-O 21. Re4 Bf6 22. b3 g6 23. Be5 Bxe5 24. Rxe5 Rc8 25. Rxd4 Rc2 26. Re2 Rc1+ 27. Nf1 Rfc8 28. f3 R8c5 29. Kf2 Ra5 30. Ne3 Ra1 31. Rdd2 Rc5 32. Rc2 Ra5 33. Red2 h5 34. h4 Kg7 35. g3 b5 36. b4 Ra4 37. Nd5 Bxd5 38. Rxd5 R1xa2 39. Rxa2 Rxa2+ 40. Ke3 Ra3+ 41. Kf2 Ra4 42. Rd6 Rxb4 43. Rxa6 Rb2+ 44. Ke3 Rb1 45. Rb6 b4 46. Kf4 b3 47. g4 hxg4 48. fxg4 b2 49. Kg5 f6+ 50. Rxf6 Rc1 51. Rxg6+ Kf7 52. Rf6+ Ke7 53. Rb6 b1=Q 54. Rxb1 Rxb1 55. Kg6 Rb6+ 56. Kf5 Kf7 57. h5 Kg7 58. Kg5 Rb5+ 59. Kh4 Kh6 60. Kh3 Kg5 61. Kg3 Rb3+ 62. Kf2 Kxg4 63. Ke2 Rg3 64. Kd2 Rg2+ 65. Ke3 Rh2 66. Ke4 Rxh5 67. Ke3 Re5+ 68. Kf2 Re8 69. Kg2 Re2+ 70. Kf1 Rc2 71. Kg1 Kf3 72. Kf1 Rc1# 0-1


[Site "https://www.chess.com"]

[Event "Titled Tuesday Blitz November 22 Early 2022"]
[White "Unat, Can Haktan"]
[Black "Principe, Gerson"]
[WhiteFideId "6398073"]
[BlackFideId "3804550"]
[WhiteElo "2146"]
[BlackElo "2280"]
[Result "1/2-1/2"]
[Round "11"]
[TimeControl "180+1"]
[Date "2022.11.22"]
[WhiteClock "0:00:13"]
[BlackClock "0:00:04"]

1. e4 c6 2. Nc3 d5 3. Nf3 Bg4 4. h3 Bxf3 5. Qxf3 e6 6. d4 dxe4 7. Qe3 Nf6 8. Nxe4 Nxe4 9. Qxe4 Nd7 10. Be3 Nf6 11. Qf3 Qd5 12. Be2 Qxf3 13. Bxf3 Be7 14. O-O-O O-O 15. c3 Rfd8 16. Rhe1 h6 17. Kc2 Kf8 18. g4 Nd5 19. Bxd5 cxd5 20. f4 Rac8 21. Rf1 f5 22. Kd3 Kf7 23. Rde1 Rd7 24. Re2 a6 25. Rfe1 Rc6 26. Bf2 Bf6 27. Rg1 b5 28. g5 hxg5 29. fxg5 Bd8 30. g6+ Kg8 31. Rge1 e5 32. dxe5 Rxg6 33. e6 Re7 34. Bh4 Re8 35. e7 Bc7 36. Re6 Kf7 37. Rxg6 Kxg6 38. Re6+ Kh5 39. Rxa6 Kxh4 40. Re6 f4 41. Ke2 g5 42. Kf3 Kh5 43. b3 Ba5 44. b4 Bc7 45. a3 Bb8 46. Kf2 Ba7+ 47. Kf3 d4 48. cxd4 Bxd4 49. Rd6 Bb2 50. Re6 Bxa3 51. Re4 Bb2 52. Re6 Bg7 53. Ke4 Kh4 54. Kf5 Kxh3 55. Kg6 Bf8 56. Kxg5 f3 57. Kf4 f2 58. Re3+ Kg2 59. Rg3+ Kf1 60. Rb3 Rxe7 61. Kf3 Rf7+ 62. Kg3 Kg1 63. Kg4 f1=Q 64. Rg3+ Qg2 65. Kh4 Rf4+ 66. Kh5 Qxg3 1/2-1/2


[Site "https://www.chess.com"]